 Dungeon Crawl Stone Soup version 0.30.1-3-gfc49f6343a (webtiles) character file.

Game seed: 11173230243500055751

17374 Wiggles the Executioner (level 12, -2/135 HPs)
             Began as a Minotaur Berserker on Aug 8, 2023.
             Was a High Priest of Trog.
             Slain by a death knight
             ... wielding a +0 broad axe
              (20 damage)
             ... on level 12 of the Dungeon.
             The game lasted 00:20:13 (8642 turns).

Wiggles the Executioner (Minotaur Berserker)        Turns: 8642, Time: 00:20:15

Health: -2/135     AC: 16    Str: 27    XL:     12   Next: 18%
Magic:  11/11      EV:  9    Int:  4    God:    Trog [*****.]
Gold:   668        SH:  0    Dex: 10    Spells: 11/11 levels left

rFire   . . .        M - +0 battleaxe
rCold   + . .        (shield currently unavailable)
rNeg    . . .        b - +0 chain mail
rPois   +            (helmet restricted)
rElec   .            u - +2 cloak {rPois}
rCorr   .            A - +2 pair of gloves {Stlth+}
SInv    +            B - +0 pair of boots
Will    .....        t - amulet of regeneration Stlth
                     r - ring of protection from cold
HPRegen 1.22/turn    a - ring of see invisible
MPRegen 0.12/turn

%: no passive effects
@: berserking, very quick
A: horns 2, retaliatory headbutt
a: Renounce Religion, Berserk, Trog's Hand, Brothers in Arms


You were on level 12 of the Dungeon.
You worshipped Trog.
Trog was extremely pleased with you.
You visited 1 branch of the dungeon, and saw 12 of its levels.
You also visited: Bailey.

You collected 878 gold pieces.
You spent 210 gold pieces at shops.

Inventory:

Hand Weapons
 M - a +0 battleaxe (weapon)
Missiles
 k - 3 throwing nets (quivered)
Armour
 b - a +0 chain mail (worn)
 u - a +2 cloak of poison resistance (worn)
 A - a +2 pair of gloves of stealth (worn)
 B - a +0 pair of boots (worn)
Jewellery
 a - a ring of see invisible (right hand)
 p - an amulet of faith
 r - a ring of protection from cold (left hand)
 t - an amulet of regeneration (around neck)
 x - a ring of protection from cold
 I - a ring of protection from fire
Wands
 o - a wand of paralysis (19)
 v - a wand of roots (9)
 z - a wand of digging (4)
 J - a wand of flame (3)
 K - a wand of polymorph (5)
Scrolls
 c - 5 scrolls of enchant weapon
 d - 2 scrolls of fear
 g - 3 scrolls of vulnerability
 l - a scroll of fog
 n - 5 scrolls of immolation
 s - 2 scrolls of noise
 N - a scroll of teleportation
Potions
 e - 4 potions of lignification
 f - 2 potions of mutation
 h - 4 potions of heal wounds
 i - 2 potions of degeneration
 j - 3 potions of magic
 m - 2 potions of might
 q - 5 potions of invisibility
 w - 3 potions of flight
 C - a potion of brilliance {unknown}
 D - 2 potions of resistance
 E - 4 potions of cancellation
 F - 3 potions of haste
 G - 3 potions of curing {unknown}
 H - 3 potions of berserk rage {unknown}
 L - a potion of attraction {unknown}
Miscellaneous
 y - a phantom mirror


   Skills:
 - Level 3.6 Fighting
 + Level 22.6 Axes
 - Level 2.4 Armour
 - Level 2.1 Dodging
 + Level 3.0 Evocations


You had 11 spell levels left.
You didn't know any spells.
Your spell library was empty.

Dungeon Overview and Level Annotations

Branches:
Dungeon (12/15)            Temple (0/1) D:5            Lair (0/5) D:11
    Orc (0/2) D:10         Bailey (visited)

Altars:
Dithmenos
Gozag
Qazlal
Trog

Shops:
D:8 [


Innate Abilities, Weirdness & Mutations

You have a pair of horns on your head.
You reflexively headbutt those who attack you in melee.


Message History

The death knight calls down the wrath of Yredelemnul upon you.
You struggle to resist.
A red film seems to cover your vision as you go berserk!
You feel yourself moving faster!
You feel mighty!
You barely miss the death knight. You hit the death knight.
The death knight is lightly wounded.
The death knight closely misses you.
You slice the death knight!! Your headbutt misses the death knight.
The death knight is moderately wounded.
You barely miss the death knight.
The death knight is moderately wounded.
The death knight mumbles some strange prayers to Yredelemnul against you.
Your body is wracked with pain!
You barely miss the death knight.
The death knight is moderately wounded.
You hit the death knight.
The death knight is moderately wounded.
The death knight offers itself to Yredelemnul, and fills with unholy energy.
You barely miss the death knight. Your headbutt misses the death knight.
The death knight is moderately wounded.
You barely miss the death knight. You headbutt the death knight.
The death knight is heavily wounded.
The death knight reflects your damage back at you!
The death knight hits you with a +0 broad axe!!
You barely miss the death knight.
The death knight is heavily wounded.
You barely miss the death knight.
The death knight is heavily wounded.
The death knight hits you with a +0 broad axe.
You slash the death knight!
The death knight is severely wounded.
The death knight reflects your damage back at you!
* * * LOW HITPOINT WARNING * * *
You slice the death knight!! Your headbutt misses the death knight.
The death knight is almost dead.
The death knight reflects your damage back at you!
* * * LOW HITPOINT WARNING * * *
The death knight hits you with a +0 broad axe!!
You die...

##......#....#.# #
##...###.#....#.. #.
###....# #|##...#.#
##..#####......###..#...#.#
#...................##.....
#.#.##.###......##...##...#
#...##.# #.##...##....###.)
.#......###.##.#.........###
..........p@.............††.
##...#######...#..##########
#..## #...#.########### #.
##................ .
...................
###################


You could see a death knight (reflects damage).

Vanquished Creatures
  Josephine (D:12)
  A hydra (D:12)
  A boulder beetle (D:12)
  5 death yaks (D:11)
  A tengu warrior (D:12)
  Lodul (D:11)
  A deep elf pyromancer (D:12)
  A faun (D:11)
  Maurice (D:8)
  A gargoyle (D:12)
  A hornet (D:9)
  2 trolls
  A centaur simulacrum (D:12)
  Sigmund (D:2)
  A wyvern (D:8)
  6 wraiths
  25 yaks
  A vampire (D:12)
  A steam dragon (D:8)
  A water moccasin (D:5)
  2 sky beasts
  4 orc warriors
  8 ogres
  3 boggarts (D:12)
  3 centaurs
  5 kobold brigands
  2 gnoll sergeants
  6 bullfrogs
  2 scorpions
  4 wights (D:9)
  5 howler monkeys
  An electric eel (D:10)
  5 hounds
  A jelly (D:4)
  2 gnoll boudas (D:7)
  5 orc priests
  3 iguanas
  7 orc wizards
  Terence (D:2)
  29 gnolls
  3 adders
  A shadow imp (D:6)
  2 ufetubi
  4 worms
  2 dart slugs (D:1)
  37 orcs
  8 ball pythons
  9 endoplasms
  4 giant cockroaches
  11 goblins
  6 hobgoblins
  3 quokkas
  5 bats
  2 frilled lizards (D:1)
  21 kobolds
  3 rats
273 creatures vanquished.

Vanquished Creatures (collateral kills)
  A jelly (D:8)
1 creature vanquished.

Vanquished Creatures (others)
  A water moccasin (D:8)
1 creature vanquished.

Grand Total: 275 creatures vanquished

Notes
Turn   | Place    | Note
-------+----------+-------------------------------------------
     0 | D:1      | Wiggles the Minotaur Berserker began the quest for the Orb.
     0 | D:1      | Reached XP level 1. HP: 19/19 MP: 0/0
    58 | D:1      | Reached skill level 4 in Axes
   205 | D:1      | Reached XP level 2. HP: 26/26 MP: 1/1
   501 | D:1      | Found a faded altar of an unknown god.
   687 | D:1      | Reached skill level 5 in Axes
   728 | D:2      | Noticed Terence
   736 | D:2      | Killed Terence
   737 | D:2      | Reached XP level 3. HP: 31/31 MP: 2/2
   964 | D:2      | Reached ** piety under Trog
   965 | D:2      | Reached XP level 4. HP: 39/39 MP: 3/3
   982 | D:2      | Reached skill level 6 in Axes
  1060 | D:2      | Noticed Sigmund
  1066 | D:2      | Killed Sigmund
  1067 | D:2      | Reached skill level 7 in Axes
  1067 | D:2      | Reached XP level 5. HP: 45/45 MP: 4/4
  1357 | D:3      | Reached skill level 8 in Axes
  1566 | D:3      | Noticed a sky beast
  1575 | D:3      | Killed a sky beast
  1576 | D:3      | Reached XP level 6. HP: 51/51 MP: 5/5
  1888 | D:4      | Reached skill level 9 in Axes
  2058 | D:4      | Reached XP level 7. HP: 51/57 MP: 6/6
  2458 | D:5      | Entered Level 5 of the Dungeon
  2474 | D:5      | Reached skill level 10 in Axes
  2906 | D:5      | Reached *** piety under Trog
  2907 | D:5      | Reached skill level 11 in Axes
  3052 | D:5      | Found a staircase to the Ecumenical Temple.
  3450 | D:6      | Reached XP level 8. HP: 38/64 MP: 7/7
  3461 | D:6      | Reached skill level 12 in Axes
  3969 | D:7      | Reached skill level 13 in Axes
  4199 | D:7      | Found a flagged portal.
  4221 | Bailey   | Entered a bailey
  4341 | Bailey   | Reached **** piety under Trog
  4435 | Bailey   | HP: 2/54 [orc warrior/+2 halberd of electrocution (17)]
  4441 | Bailey   | Reached skill level 14 in Axes
  4640 | D:7      | Reached XP level 9. HP: 47/58 MP: 8/8
  4819 | D:7      | Found a bloodstained altar of Trog.
  4833 | D:7      | Found an opulent altar of Gozag.
  5163 | D:8      | Reached skill level 15 in Axes
  5276 | D:8      | Noticed Maurice
  5322 | D:8      | Killed Maurice
  5323 | D:8      | Reached skill level 16 in Axes
  5323 | D:8      | Reached skill level 1 in Evocations
  5489 | D:8      | Found Gotatupp's Antique Armour Emporium.
  5494 | D:8      | Bought a pair of runed gloves for 210 gold pieces
  5771 | D:9      | Reached skill level 17 in Axes
  5771 | D:9      | Reached XP level 10. HP: 67/77 MP: 9/9
  6067 | D:10     | Entered Level 10 of the Dungeon
  6367 | D:10     | Found a shadowy altar of Dithmenos.
  6370 | D:10     | Found a stormy altar of Qazlal.
  6467 | D:10     | Reached ***** piety under Trog
  6468 | D:10     | Reached skill level 18 in Axes
  6584 | D:10     | Found a staircase to the Orcish Mines.
  7061 | D:11     | Noticed a death yak
  7085 | D:11     | Noticed a death yak
  7085 | D:11     | Noticed a death yak
  7111 | D:11     | Killed a death yak
  7112 | D:11     | Reached skill level 19 in Axes
  7116 | D:11     | Killed a death yak
  7137 | D:11     | Noticed a death yak
  7137 | D:11     | Noticed a death yak
  7153 | D:11     | Killed a death yak
  7154 | D:11     | Reached XP level 11. HP: 81/82 MP: 10/10
  7164 | D:11     | Killed a death yak
  7180 | D:11     | Reached skill level 20 in Axes
  7189 | D:11     | Killed a death yak
  7206 | D:11     | Found a staircase to the Lair.
  7446 | D:11     | Noticed Lodul
  7468 | D:11     | Killed Lodul
  7806 | D:11     | Noticed Fannar
  7810 | D:11     | Fannar changed into Fannar the faun
  7810 | D:11     | Noticed Fannar
  7816 | D:11     | Killed Fannar the faun
  7817 | D:11     | Reached skill level 21 in Axes
  8093 | D:12     | Noticed Josephine
  8112 | D:12     | Killed Josephine
  8296 | D:12     | Noticed a boulder beetle
  8321 | D:12     | Killed a boulder beetle
  8362 | D:12     | Reached skill level 22 in Axes
  8371 | D:12     | Noticed a four-headed hydra
  8393 | D:12     | Killed a nine-headed hydra
  8394 | D:12     | Reached XP level 12. HP: 89/90 MP: 11/11
  8433 | D:12     | Noticed a tengu warrior
  8450 | D:12     | Killed a tengu warrior
  8621 | D:12     | Noticed a death knight
  8642 | D:12     | Slain by a death knight

Illustrated notes

Levels and vault maps discovered:
D:1:      dpeg_arrival_renting, layout_basic, chequers_ecumenical_altar_grove
D:2:      layout_rooms, uniq_sigmund, uniq_terence
D:3:      layout_loops_ring, item_on_display_a
D:4:      layout_gridville
D:5:      layout_basic, minmay_temple_entry_offerings, chequers_mini_garden,
          minmay_misc_feat_alley
D:6:      layout_cave_pools
D:7:      layout_basic, mainiacjoe_overflow_swirl, enter_bailey_5,
          kennysheep_small_circle
D:8:      layout_basic, serial_shops, kennysheep_little_box, uniq_maurice
D:9:      layout_cave_pools
D:10:     layout_loops_corners, nicolae_overflow_squiral, orc_0_dummy,
          minivault_25
D:11:     layout_basic, dpeg_lair_monsters, uniq_lodul, uniq_fannar
D:12:     minmay_swirls_squares, layout_long_grid, uniq_josephine

Skill      XL: |  1  2  3  4  5  6  7  8  9 10 11 12 |
---------------+-------------------------------------+-----
Axes           | 4 5 7 8 9 11 14 17 19 22 | 22.6
Evocations     | 1 2 3 |  3.0
Fighting       | |  3.6
Armour         | |  2.4
Dodging        | |  2.1

Action                     |  1- 3 |  4- 6 |  7- 9 | 10-12 || total
---------------------------+-------+-------+-------+-------++-------
  Melee: Hand axe          |    66 |    84 |    66 |       ||   216
         Headbutt          |     9 |    13 |    54 |    70 ||   146
         Punch             |     1 |     3 |     2 |       ||     6
         War axe           |       |       |   265 |    11 ||   276
         Battleaxe         |       |       |       |   309 ||   309
 Invoke: Berserk           |     1 |     3 |     2 |     7 ||    13
         Brothers in Arms  |       |       |     1 |       ||     1
  Evoke: Wand              |       |       |     2 |     5 ||     7
    Use: Potion            |       |       |     8 |       ||     8
         Scroll            |       |       |    18 |     3 ||    21
   Stab: Sleeping          |     1 |       |       |       ||     1
 Armour: Chain mail        |    16 |    26 |   199 |   147 ||   388
  Dodge: Dodged            |    19 |    26 |   224 |   108 ||   377
